 Dungeon Crawl Stone Soup version 0.31-a0-115-g4708a659fe (webtiles) character file.

Game seed: 3315238510133456065

2173 jlumianski the Chopper (level 9, -4/68 HPs)
             Began as a Demonspawn Fighter on May 29, 2023.
             Was a Follower of Qazlal.
             Slain by an orc warrior
             ... wielding a +0 glaive
              (16 damage)
             ... on level 6 of the Dungeon.
             The game lasted 00:27:13 (5067 turns).

jlumianski the Chopper (Demonspawn Fighter)         Turns: 5067, Time: 00:27:14

Health: -4/68      AC:  9    Str: 21    XL:     9   Next: 11%
Magic:  13/13      EV:  8    Int: 10    God:    Qazlal [*.....]
Gold:   213        SH:  9    Dex: 12    Spells: 8/8 levels left

rFire   . . .        a - +0 war axe
rCold   . . .        g - +2 buckler
rNeg    . . .        u - +0 chain mail
rPois   .            (no helmet)
rElec   .            (no cloak)
rCorr   .            (no gloves)
SInv    .            (no boots)
Will    .....        n - amulet of magic regeneration Stlth
                     (no ring)
HPRegen 0.31/turn    (no ring)
MPRegen 0.53/turn

%: no passive effects
@: no status effects
A: hooves 1, demonic guardian 2, powered by pain 2
a: Renounce Religion


You were on level 6 of the Dungeon.
You worshipped Qazlal.
Qazlal was aware of your devotion.
You visited 2 branches of the dungeon, and saw 8 of its levels.
You also visited: Ossuary.

You collected 213 gold pieces.

Inventory:

Hand Weapons
 a - a +0 war axe (weapon)
Missiles
 e - 63 stones (quivered)
 p - 19 poisoned darts
 w - 2 atropa-tipped darts
Armour
 b - a +0 scale mail
 c - a +0 buckler
 g - a +2 buckler (worn)
 s - a +0 cloak
 u - a +0 chain mail (worn)
Magical Staves
 x - a staff of death
Jewellery
 l - a ring of fire
 n - an amulet of magic regeneration (around neck)
Scrolls
 k - a scroll of brand weapon
 t - 2 scrolls of enchant weapon {unknown}
 v - 2 scrolls of enchant armour {unknown}
 y - a scroll of teleportation
 z - 2 scrolls of poison {unknown}
 B - a scroll of blinking
 C - a scroll of silence {unknown}
Potions
 d - 3 potions of might
 f - 5 potions of curing
 h - 2 potions of magic {unknown}
 i - 2 potions of berserk rage
 j - a potion of degeneration
 m - a potion of brilliance
 o - a potion of ambrosia
 q - 3 potions of haste {unknown}
 r - 3 potions of mutation {unknown}
 A - a potion of attraction


   Skills:
 + Level 5.4 Fighting
 + Level 7.1 Axes
 + Level 0.4 Throwing
 + Level 5.3 Armour
 + Level 1.6 Dodging
 - Level 0.1 Stealth
 + Level 4.5 Shields
 * Level 5.4 Invocations


You had 8 spell levels left.
You didn't know any spells.
Your spell library contained the following spells:

 Spells                   Type           Power      Damage    Failure   Level
 Poisonous Vapours        Pois/Air       0%         N/A       99%         2
 Sublimation of Blood     Necr           0%         N/A       99%         2
 Mephitic Cloud           Conj/Pois/Air  0%         N/A       100%        3
 Petrify                  Tmut/Erth      0%         N/A       100%        4
 Freezing Cloud           Conj/Ice/Air   0%         6-21      100%        5
 Irradiate                Conj/Tmut      0%         3d11      100%        5


Dungeon Overview and Level Annotations

Branches:
Dungeon (7/15)             Temple (1/1) D:4         Ossuary (visited)

Altars:
Ashenzari
Cheibriados
Dithmenos
Fedhas
Gozag
Hepliaklqana
Kikubaaqudgha
Makhleb
Nemelex Xobeh
Okawaru
Qazlal
Ru
Sif Muna
Trog
Uskayaw
Vehumet
Wu Jian
Xom
Yredelemnul

Annotations:
D:5 Pikel


Innate Abilities, Weirdness & Mutations

You have large cloven feet.
A demonic guardian rushes to your aid.
You sometimes gain power by taking damage.


Message History

You block the acid dragon's attack.
You slash the acid dragon!
You kill the acid dragon!
Qazlal accepts your kill.
Your life force feels restored.
C - a scroll of identify
As you read the scroll of identify, it crumbles to dust.
B - a scroll of blinking
C - a scroll labelled NOSUXI HYDGHI An orc comes into view.
It is wielding a +0 falchion.
The orc hits you but does no damage.
Your hellwing misses the orc. Your hellwing hits the orc. You hit the orc.
Your kick misses the orc.
The orc is heavily wounded.
You block the orc's attack.
Your hellwing hits the orc.
Your hellwing barely misses the orc.
An orc warrior comes into view. It is wielding a +0 glaive.
The orc hits you with a +0 falchion.
You slash the orc!
You kill the orc!
Qazlal accepts your kill.
An orc priest comes into view. It is wielding a +0 short sword.
Your hellwing disappears in a puff of smoke!
The orc warrior hits you from afar with a +0 glaive!
The orc warrior hits you from afar with a +0 glaive!
A demonic guardian appears!
Things that are here:
a +0 falchion; an orc corpse You hear a shout!
The orc warrior hits you from afar with a +0 glaive!!
* * * LOW HITPOINT WARNING * * *
An orc comes into view. It is wielding a +0 hand axe.
Something barely misses your rust devil.
You closely miss the orc. You block the orc's attack.
The orc priest looks encouraged for a moment.
You slice the orc!!
You kill the orc!
Qazlal accepts your kill.
The orc warrior hits you from afar with a +0 glaive!
You die...

*,,************,*
*.# *,,* #.* *.#
*,,* #.* *.# ,,,*
#.* *.# **,* #.*
*.# *,* #.*
###.### **,*******
#.* #.....#
,,,,,,,,,*
##.###.....#
********,*
#.)@4).....#
*,***##o###o.....#
*,,,,..,* #......#
****###.###.##.#.#
****###.#.#.##.#.#
*,,,...........#.#
*,**###.#.#.####,*
*,* #..)....# *,*
*,* #..#.#.## *,*


You could see an orc warrior (ally target), an orc priest and a friendly rust
devil (summoned).

Vanquished Creatures
  An acid dragon (D:6)
  An ice beast (D:6)
  A hornet zombie (Ossuary)
  An ogre (D:4)
  2 lemures (D:6)
  2 centaurs (D:6)
  A phantom (D:6)
  A kobold brigand (D:6)
  Blork the orc (D:6)
  2 scorpions
  A water moccasin zombie (Ossuary)
  4 bullfrog zombies (Ossuary)
  2 centaur zombies (Ossuary)
  2 hounds
  An orc priest (D:4)
  A jelly (D:6)
  An iguana (D:4)
  An orc wizard (D:6)
  2 killer bee zombies (Ossuary)
  13 mummies (Ossuary)
  A howler monkey zombie (Ossuary)
  7 gnolls
  4 adders
  A shadow imp (D:4)
  An ufetubus (D:5)
  2 worms (D:2)
  A dart slug (D:2)
  8 orcs
  3 ball pythons
  3 bats (D:1)
  5 endoplasms
  A giant cockroach (D:3)
  16 goblins
  9 hobgoblins
  16 jackals
  10 kobolds
  3 quokkas
  3 frilled lizards
  6 rats
141 creatures vanquished.

Vanquished Creatures (collateral kills)
  Menkaure (D:6)
  Edmund (D:6)
  A water moccasin (D:4)
  2 centaur zombies (Ossuary)
  A mummy (Ossuary)
  A howler monkey zombie (Ossuary)
  Robin (D:2)
  6 goblins
  A kobold (D:3)
15 creatures vanquished.

Grand Total: 156 creatures vanquished

Notes
Turn   | Place    | Note
-------+----------+-------------------------------------------
     0 | D:1      | jlumianski the Demonspawn Fighter began the quest for the
                  | Orb.
     0 | D:1      | Reached XP level 1. HP: 18/18 MP: 1/1
   272 | D:1      | Gained mutation: A weak demonic guardian rushes to your
                  | aid. [demonic ancestry]
   272 | D:1      | Reached XP level 2. HP: 23/24 MP: 2/2
   528 | D:3      | Reached XP level 3. HP: 26/29 MP: 3/3
   624 | D:3      | Reached skill level 2 in Axes
   651 | D:4      | Reached XP level 4. HP: 19/35 MP: 4/4
   667 | D:5      | Entered Level 5 of the Dungeon
   667 | D:5      | Noticed a water moccasin
  1658 | D:2      | Gained mutation: You sometimes gain a little power by
                  | taking damage. [demonic ancestry]
  1658 | D:2      | Reached XP level 5. HP: 35/42 MP: 5/5
  1879 | D:2      | Noticed Robin
  1902 | D:2      | Killed Robin
  2026 | D:2      | Reached skill level 3 in Axes
  2738 | D:4      | Killed a water moccasin
  2739 | D:4      | Reached XP level 6. HP: 20/48 MP: 6/6
  3041 | D:4      | Found a staircase to the Ecumenical Temple.
  3045 | D:4      | Reached skill level 1 in Dodging
  3053 | Temple   | Entered the Ecumenical Temple
  3164 | Temple   | Became a worshipper of Qazlal Stormbringer
  3302 | D:4      | Found a blossoming altar of Fedhas.
  3303 | D:4      | Found a basalt altar of Yredelemnul.
  3307 | D:4      | Found a radiant altar of Vehumet.
  3508 | D:4      | Reached skill level 4 in Axes
  3508 | D:4      | Reached skill level 1 in Invocations
  3508 | D:4      | Gained mutation: A demonic guardian rushes to your aid.
                  | [demonic ancestry]
  3508 | D:4      | Reached XP level 7. HP: 35/55 MP: 7/7
  3750 | D:6      | Noticed Menkaure
  3753 | D:6      | Killed Menkaure
  3804 | D:6      | Reached skill level 5 in Axes
  3817 | D:6      | Noticed Blork the orc
  3849 | D:6      | Killed Blork the orc
  3850 | D:6      | Gained mutation: You have large cloven feet. [demonic
                  | ancestry]
  3850 | D:6      | Reached XP level 8. HP: 19/61 MP: 10/10
  3857 | D:6      | Found a sand-covered staircase.
  3865 | D:6      | Reached * piety under Qazlal
  3875 | Ossuary  | Entered an ossuary
  3925 | Ossuary  | Reached skill level 5 in Armour
  4039 | Ossuary  | Reached skill level 5 in Fighting
  4202 | Ossuary  | Reached skill level 6 in Axes
  4622 | D:6      | Reached skill level 5 in Invocations
  4708 | D:5      | Noticed Pikel
  4826 | D:6      | Noticed Edmund
  4835 | D:6      | Killed Edmund
  4836 | D:6      | Reached skill level 7 in Axes
  4836 | D:6      | Gained mutation: You sometimes gain power by taking damage.
                  | [demonic ancestry]
  4836 | D:6      | Reached XP level 9. HP: 41/63 MP: 12/12
  5067 | D:6      | Slain by an orc warrior

Illustrated notes

Levels and vault maps discovered:
D:1:      sevenhm_arrival_forest_fort_large_3, layout_loops_ring,
          palyth_stone_intersect
D:2:      layout_loops_corners, serial_aquarium, aquarium_bridge_square
          [aquarium_subvault_wall, aquarium_subvault_bridge,
          aquarium_subvault_wall, aquarium_subvault_window],
          aquarium_window_fake, aquarium_window_corner, aquarium_view_2d,
          aquarium_balcony_5b, aquarium_pool_split, corexii_corridor_pit,
          uniq_robin
D:3:      layout_basic, serial_shops, shop, minmay_misc_feat_pillars,
          uniq_sigmund
D:4:      layout_rooms, minitemple, minmay_temple_entry_junction,
          hangedman_decor_points, minmay_ogre_servants
D:5:      layout_layer_cave, minmay_hedge_maze, uniq_crazy_yiuf_cottage,
          uniq_pikel
D:6:      layout_loops_ring, nicolae_ossuary_entry_ruins, uniq_edmund,
          uniq_menkaure, uniq_blork_the_orc
D:7:      layout_basic
Temple:   regret_index_temple_mists

Skill      XL: |  1  2  3  4  5  6  7  8 |
---------------+-------------------------+-----
Armour         | 3 4 5 |  5.3
Shields        | 3 4 |  4.5
Axes           | 2 3 4 5 7 |  7.1
Fighting       | 4 5 |  5.4
Dodging        | 1 |  1.6
Invocations    | 1 3 5 |  5.4
Throwing       | |  0.4
Stealth        | |  0.1

Action                     |  1- 3 |  4- 6 |  7- 9 || total
---------------------------+-------+-------+-------++-------
  Melee: War axe           |    75 |   229 |   206 ||   510
         Kick              |       |       |    68 ||    68
  Throw: Stone             |       |       |    10 ||    10
    Use: Scroll            |       |     4 |    10 ||    14
         Potion            |       |     4 |     2 ||     6
 Armour: Scale mail        |    37 |    91 |       ||   128
         Chain mail        |       |    14 |   100 ||   114
  Dodge: Dodged            |    27 |   115 |    95 ||   237
  Block: Buckler           |    24 |    83 |   102 ||   209

Table legend: (Time is in decaauts)
 A = Elapsed time spent in this place.
 B = Non-inter-level travel time spent in this place.
 C = Inter-level travel time spent in this place.
 D = Time resting spent in this place.
 E = Time spent auto-exploring this place.
 F = Levels seen in this place.
 G = Mean time per level.
                   A        B        C        D        E       F      G
               +--------+--------+--------+--------+--------+-----+--------+
         Total |   5330 |   5243 |     87 |    432 |   2409 |   9 |  592.2 |
       Dungeon |   4366 |   4279 |     87 |    155 |   2231 |   7 |  623.7 |
        Temple |    187 |    187 |      0 |      0 |      0 |   1 |  187.0 |
       Ossuary |    776 |    776 |      0 |    277 |    178 |   1 |  776.0 |
               +--------+--------+--------+--------+--------+-----+--------+

Top non-repeatable levels by time:
     D:2: 1281 daAuts
     D:1: 1056 daAuts
     D:4: 907 daAuts
 Ossuary: 776 daAuts
     D:6: 579 daAuts
     D:3: 320 daAuts
  Temple: 187 daAuts
     D:5: 185 daAuts
     D:7: 35 daAuts
